Map: Prion Terraces

Players

TYTY (TY) - Winner!

  • Race: Terran Terran
  • League: Diamond

PartinG

  • Race: Protoss Protoss
  • League: Platinum

Event: DreamHack ROCCAT LotV Championship

VOD

https://www.youtube.com/watch?v=3qzSlRmTCDY&feature=youtu.be&t=40m02s

Description

Time

  • Played on: Nov. 28, 2015, 7:48 a.m.
  • Length: 22:00

All games in this series

Show
View Real Time Build Order
Export as new Build Order

TYTY Terran - Winner!

Build Orders: Reaper Expand, MMM Bio 

Get SALT Encoding   

  12  0:00  SCV  
  13  0:12  SCV  
  14  0:17  Supply Depot  
  14  0:25  SCV  
  15  0:39  SCV  
  15  0:41  Barracks  
  16  0:44  Refinery  
  16  0:51  SCV  
  17  1:03  SCV  
  18  1:15  SCV  
  19  1:28  Reaper  
  19  1:29  Orbital Command  
  20  1:42  Command Center  
  20  1:56  SCV  
  20  1:58  Supply Depot  
  20  2:01  Barracks Reactor  
  21  2:08  SCV  
  22  2:20  SCV  
  23  2:22  Factory  
  23  2:32  SCV  
  24  2:37  Marine x2  
  26  2:47  Command Center  
  26  2:50  SCV  
  27  2:55  Marine x2  
  29  3:01  Orbital Command  
  29  3:05  SCV  
  30  3:07  Factory Tech Lab  
  30  3:13  Marine  
  30  3:15  Marine  
  30  3:18  SCV  
  33  3:27  Cyclone  
  33  3:29  SCV  
  33  3:31  SCV  
  38  3:38  Supply Depot  
  38  3:41  SCV, Marine  
  39  3:42  Marine  
  39  3:45  SCV  
  42  3:51  Bunker  
  42  3:53  SCV  
  43  3:57  SCV  
  43  3:59  Refinery  
  44  4:05  SCV, Orbital Command  
  44  4:09  SCV  
  46  4:13  Siege Tank, Marine  
  46  4:16  Marine  
  51  4:17  SCV  
  51  4:23  SCV  
  53  4:29  SCV  
  53  4:31  Marine  
  54  4:32  Supply Depot, SCV  
  54  4:33  Marine  
  54  4:34  Barracks  
  54  4:35  SCV  
  58  4:44  Bunker  
  58  4:45  SCV, Siege Tank  
  61  4:46  SCV  
  61  4:49  SCV, Marine  
  65  4:58  SCV  
  66  5:01  SCV  
  66  5:02  Barracks  
  66  5:05  Engineering Bay  
  66  5:06  SCV, Engineering Bay  
  67  5:10  Refinery  
  67  5:12  SCV  
  67  5:14  Refinery  
  68  5:17  Orbital Command  
  68  5:18  Marine x2  
  68  5:20  SCV  
  72  5:24  SCV  
  72  5:25  Factory Tech Lab, Supply Depot  
  72  5:32  SCV  
  72  5:35  Terran Infantry Weapons Level 1, Terran Infantry Armor Level 1  
  73  5:36  SCV  
  73  5:37  Missile Turret, Marine x2  
  73  5:42  Stimpack  
  76  5:45  SCV  
  76  5:47  SCV  
  76  5:48  SCV  
  78  5:56  Starport  
  79  5:57  SCV  
  79  5:59  Supply Depot, SCV  
  79  6:00  SCV, Marine x2  
  79  6:02  Factory Reactor  
  79  6:04  Marauder  
  85  6:11  Barracks x2  
  85  6:13  Supply Depot  
  85  6:16  Supply Depot  
  85  6:18  Combat Shields  
  85  6:20  Marine x2  
  85  6:21  SCV x3, Marauder  
  85  6:24  Refinery  
  92  6:32  Supply Depot  
  92  6:33  SCV  
  92  6:35  SCV x2, Marauder  
  92  6:36  Supply Depot x2  
  96  6:40  Supply Depot  
  96  6:42  Marauder  
  96  6:45  SCV  
  96  6:46  Missile Turret  
  100  6:47  SCV  
  100  6:48  SCV  
  100  6:49  Factory Reactor  
  100  6:51  Supply Depot, Marine x2, Medivac x2  
  107  6:57  SCV  
  107  6:59  SCV, Barracks Tech Lab, Barracks Reactor  
  107  7:00  SCV, Marauder  
  112  7:04  Marauder  
  114  7:09  SCV  
  114  7:11  SCV  
  114  7:12  SCV, Marine x2  
  119  7:21  Marauder, Medivac x2  
  125  7:26  Supply Depot x3  
  125  7:27  Supply Depot  
  125  7:28  Widow Mine, Marine x2  
  131  7:30  Marine x2  
  131  7:31  Widow Mine  
  131  7:32  Armory  
  133  7:40  Marine x2  
  133  7:41  Concussive Shells  
  133  7:44  Refinery  
  135  7:47  Marauder x3  
  138  7:58  Marine x4  
  138  8:02  Widow Mine  
  141  8:08  Marauder  
  141  8:09  Marauder  
  141  8:14  Marauder  
  141  8:16  SCV x2, Marine x4  
  142  8:22  Terran Infantry Weapons Level 2, Terran Infantry Armor Level 2  
  142  8:23  SCV  
  141  8:27  Liberator x2  
  141  8:29  SCV x2  
  141  8:30  Marauder  
  137  8:37  Marauder x2, Marine x3  
  148  8:55  Starport  
  148  8:59  Marine x3  
  151  9:14  Command Center  
  151  9:21  Marauder x2  
  154  9:27  Medivac x2  
  154  9:30  Marine x4  
  160  9:44  Viking x2  
  164  9:46  Marauder x2, Marine  
  164  9:47  Marine x4  
  166  10:00  Viking  
  166  10:04  Marauder  
  166  10:05  SCV x2, Marine x4  
  171  10:07  Marauder  
  171  10:10  SCV  
  171  10:12  Marauder  
  173  10:18  SCV x2  
  172  10:22  SCV  
  172  10:25  Marauder  
  173  10:33  Planetary Fortress  
  169  10:35  Medivac x2  
  169  10:36  Medivac  
  155  10:45  Marauder, Marine x2  
  155  10:46  Marauder  
  155  10:48  Liberator x2  
  162  10:52  Medivac  
  162  10:56  Liberator  
  163  10:57  SCV  
  163  10:58  SCV x2  
  163  11:00  Missile Turret  
  163  11:01  Missile Turret, Marine x2  
  163  11:02  Missile Turret  
  163  11:03  Missile Turret  
  173  11:12  Refinery  
  173  11:13  Refinery  
  176  11:22  Marine x2  
  176  11:23  Marauder x2, Marine x2  
  179  11:27  Liberator  
  179  11:31  Liberator x2  
  177  11:37  Command Center  
  177  11:39  Command Center  
  167  11:43  Liberator  
  170  11:49  Barracks x2  
  170  11:51  Marine x4  
  180  11:58  Marine  
  180  11:59  Marauder x2  
  178  12:09  Marine x3  
  178  12:10  Marine  
  182  12:17  Terran Infantry Armor Level 3, Marauder  
  182  12:20  Marauder  
  185  12:26  Marauder, Marine x3  
  189  12:37  Medivac x2  
  191  12:38  Marauder  
  191  12:41  Marine  
  191  12:43  Barracks Tech Lab  
  196  12:44  Barracks Reactor, Sensor Tower  
  196  12:48  Medivac  
  197  12:52  SCV  
  197  12:53  Supply Depot  
  197  12:55  Terran Infantry Weapons Level 3  
  198  12:59  Medivac  
  194  13:22  Fusion Core  
  194  13:23  Orbital Command x2  
  188  13:38  Ghost Academy  
  186  13:48  Marauder  
  186  13:49  Marine x4, Marauder  
  186  13:52  Marauder x2, Marine x2  
  199  14:07  Marine  
  199  14:09  Supply Depot  
  196  14:17  Ghost x2  
  196  14:21  Command Center  
  194  14:33  Ghost  
  194  14:34  Ghost  
  197  14:45  Ghost x2, Medivac  
  187  14:55  Marine x2  
  177  15:02  Ghost  
  169  15:21  Liberator  
  169  15:22  Liberator x3  
  164  15:41  Orbital Command  
  170  15:59  Marauder x3, Marine x4  
  170  16:00  Marine x2  
  182  16:04  Liberator x3  
  182  16:15  Orbital Command  
  182  16:16  Marauder, Marine x2  
  182  16:17  Marine x2  
  182  16:18  Marine x2  
  188  16:20  Marauder  
  196  16:36  Planetary Fortress  
  196  16:37  Sensor Tower, Missile Turret  
  195  16:46  Ghost x3, Sensor Tower  
  195  16:47  Marine  
  199  17:06  Command Center  
  190  17:19  Liberator x3  
  189  17:23  Liberator  
  187  17:34  SCV x2  
  198  17:52  Marauder, Marine  
  160  18:14  Ghost x2  
  160  18:16  Marine x4  
  160  18:19  Viking x2  
  157  18:21  Marauder x2, Marine x2  
  157  18:22  Planetary Fortress  
  163  18:34  Marine x2  
  165  18:48  Marauder x2, Marine x4  
  173  18:49  Viking x2  
  175  18:58  Marine x2  
  175  18:59  Marauder x2  
  181  19:05  Marine x4  
  181  19:08  Viking x2  
  188  19:11  Ghost  
  188  19:15  Liberator  
  187  19:19  Viking  
  187  19:21  Liberator x2  
  176  19:27  Marine x3  
  176  19:28  Marauder x2, Marine x4  
  179  19:37  Personal Cloaking  
  180  19:40  Marine  
  180  19:45  Marine x5  
  185  19:56  Marauder x2, Marine x2  
  185  19:57  Marine  
  187  20:06  Viking  
  157  20:25  Marauder x2, Marine x2  
  157  20:26  Viking x2  
  118  20:37  Marauder x2, Marine x4  
  108  20:42  Marine x2  
  108  20:46  Marauder x2, Orbital Command  
  108  20:47  SCV x2  
  100  20:54  Marine x2  
  100  20:55  Marine x2, Medivac x2  
  108  20:58  Marine x2  
  108  21:00  Marine x2  
  108  21:04  Refinery x2, Medivac  
  114  21:07  Marine x2  
  116  21:12  Marine x4  
  116  21:16  Missile Turret, Marauder x2  
  116  21:17  Refinery  
  116  21:18  Refinery, Marine x2  
  127  21:26  Marauder x2  
  127  21:30  Marine x4  
  130  21:35  SCV x4  
  130  21:38  Marauder x2  
  135  21:41  Missile Turret  
  136  21:47  SCV  
Show
View Real Time Build Order
Export as new Build Order

PartinG Protoss 

Build Orders: 1 Gate Expand, Blink Stalkers, Colossus Rush 

Get SALT Encoding   

  12  0:00  Probe (Chrono Boost)  
  13  0:11  Probe (Chrono Boost)  
  14  0:16  Pylon  
  14  0:22  Probe (Chrono Boost)  
  15  0:35  Probe (Chrono Boost), Gateway  
  16  0:41  Assimilator  
  16  0:45  Probe (Chrono Boost)  
  17  0:56  Probe (Chrono Boost)  
  18  1:06  Probe (Chrono Boost)  
  19  1:17  Nexus  
  19  1:28  Cybernetics Core  
  19  1:31  Probe (Chrono Boost)  
  20  1:37  Assimilator  
  20  1:42  Probe (Chrono Boost)  
  21  1:52  Probe (Chrono Boost), Pylon  
  22  2:06  Warp Gate  
  22  2:10  Mothership Core (Chrono Boost), Adept  
  25  2:28  Probe (Chrono Boost)  
  26  2:34  Robotics Facility  
  26  2:36  Probe (Chrono Boost)  
  27  2:39  Probe (Chrono Boost)  
  28  2:49  Probe (Chrono Boost)  
  29  2:52  Probe (Chrono Boost), Pylon  
  30  3:00  Probe (Chrono Boost)  
  30  3:02  Probe (Chrono Boost)  
  32  3:08  Twilight Council  
  32  3:10  Probe (Chrono Boost)  
  33  3:13  Probe (Chrono Boost)  
  33  3:17  Pylon  
  34  3:21  Probe (Chrono Boost), Observer  
  34  3:24  Probe (Chrono Boost)  
  37  3:32  Probe (Chrono Boost)  
  37  3:33  Pylon  
  39  3:34  Probe (Chrono Boost)  
  39  3:42  Probe (Chrono Boost)  
  39  3:44  Blink  
  39  3:45  Probe (Chrono Boost), Observer  
  42  3:49  Gateway  
  42  3:57  Probe (Chrono Boost), Gateway  
  42  3:59  Probe (Chrono Boost)  
  42  4:02  Assimilator  
  44  4:06  Observer  
  44  4:07  Assimilator  
  45  4:10  Probe x2 (Chrono Boost)  
  47  4:18  Pylon  
  47  4:20  Probe (Chrono Boost)  
  47  4:21  Probe (Chrono Boost)  
  47  4:22  Pylon  
  51  4:31  Probe x2 (Chrono Boost)  
  51  4:32  Stalker  
  53  4:44  Probe x2 (Chrono Boost)  
  55  4:49  Stalker  
  57  4:54  Nexus  
  57  4:59  Probe x2 (Chrono Boost)  
  59  5:01  Robotics Bay  
  59  5:10  Pylon  
  59  5:11  Pylon  
  59  5:14  Forge  
  59  5:18  Sentry x3  
  65  5:23  Gateway  
  65  5:27  Gateway  
  65  5:32  Gateway  
  66  5:35  Probe (Chrono Boost)  
  66  5:37  Probe (Chrono Boost)  
  67  5:43  Protoss Ground Armor Level 1  
  67  5:47  Probe x2 (Chrono Boost)  
  67  5:51  Extended Thermal Lance  
  67  5:54  Colossus (Chrono Boost)  
  73  6:02  Probe x2  
  75  6:08  Adept x2  
  75  6:10  Adept  
  75  6:11  Probe  
  81  6:14  Probe  
  81  6:16  Probe  
  84  6:21  Probe  
  84  6:23  Pylon  
  85  6:26  Probe, Adept x2  
  85  6:28  Probe, Adept  
  93  6:39  Adept x3  
  99  6:41  Warp Prism (Chrono Boost)  
  101  6:48  Probe  
  101  6:50  Probe x2, Assimilator  
  101  6:53  Pylon  
  104  6:54  Assimilator  
  104  7:01  Pylon  
  102  7:04  Stalker x5  
  111  7:11  Probe  
  111  7:12  Colossus (Chrono Boost)  
  111  7:13  Probe x2  
  118  7:22  Stalker  
  118  7:25  Nexus  
  118  7:27  Pylon  
  120  7:35  Protoss Ground Armor Level 2 (Chrono Boost)  
  120  7:46  Gateway x2  
  120  7:50  Forge  
  120  7:53  Pylon  
  120  7:59  Adept x2  
  120  8:00  Adept x4  
  128  8:16  Colossus (Chrono Boost)  
  126  8:23  Stalker x3  
  126  8:24  Stalker x3  
  113  8:41  Photon Cannon  
  113  8:42  Protoss Ground Weapons Level 1 (Chrono Boost)  
  113  8:44  Photon Cannon  
  113  8:45  Photon Cannon  
  113  8:54  Probe  
  114  9:00  Colossus  
  114  9:01  Adept x4  
  114  9:02  Adept x2  
  126  9:06  Charge  
  126  9:08  Gateway x2  
  131  9:10  Pylon  
  131  9:14  Assimilator  
  131  9:15  Assimilator  
  131  9:16  Robotics Facility  
  131  9:28  Sentry x2  
  131  9:29  Adept  
  131  9:30  Adept x3  
  140  9:35  Pylon  
  140  9:49  Gravitic Drive  
  140  9:51  Adept x4  
  140  9:52  Adept x4  
  139  10:09  Colossus (Chrono Boost)  
  139  10:16  Stalker x6  
  140  10:30  Protoss Ground Armor Level 3  
  140  10:35  Stalker x4  
  151  10:50  Disruptor (Chrono Boost)  
  151  10:53  Probe  
  151  10:55  Adept  
  151  10:56  Adept x5  
  167  10:57  Disruptor (Chrono Boost)  
  167  11:04  Adept x4  
  167  11:05  Probe  
  176  11:19  Photon Cannon  
  176  11:21  Photon Cannon  
  176  11:22  Photon Cannon  
  176  11:28  Protoss Ground Weapons Level 2  
  176  11:30  Stalker x2  
  180  11:36  Pylon  
  180  11:38  Pylon  
  180  11:49  Templar Archives  
  180  12:00  Nexus  
  178  12:02  Pylon  
  178  12:04  Pylon  
  178  12:05  Zealot x9  
  192  12:31  Psionic Storm, Photon Cannon  
  192  12:32  Dark Shrine, Photon Cannon  
  192  12:36  Nexus, Disruptor x2 (Chrono Boost)  
  195  12:38  Pylon  
  195  12:43  Pylon  
  195  12:44  Pylon  
  189  13:06  Zealot x5  
  191  13:29  Assimilator  
  191  13:32  Stalker x2  
  191  13:33  High Templar x3  
  198  13:52  Photon Cannon  
  198  13:53  High Templar  
  198  13:54  Photon Cannon  
  200  13:58  Assimilator  
  200  13:59  Assimilator  
  195  14:05  Stalker x3  
  195  14:16  Disruptor (Chrono Boost), Warp Prism (Chrono Boost)  
  196  14:32  Protoss Ground Weapons Level 3  
  182  14:49  Disruptor x2 (Chrono Boost)  
  182  14:50  Dark Templar x2  
  182  14:51  Dark Templar  
  188  14:58  Stalker x7  
  196  15:04  Protoss Shields Level 1  
  185  15:22  Dark Templar x4  
  185  15:23  Stalker  
  195  15:34  Pylon  
  191  15:41  Stalker x2  
  191  15:42  Stalker  
  194  15:49  Pylon  
  190  16:02  Warp Prism (Chrono Boost)  
  190  16:17  Stalker x3  
  190  16:18  Stalker x2  
  194  16:37  Pylon  
  194  16:40  Stalker x3  
  196  16:54  Stalker x2  
  193  17:04  Stalker x4  
  193  17:06  Probe  
  199  17:11  Probe  
  200  17:26  Protoss Shields Level 2  
  200  17:35  Probe  
  197  17:38  Probe  
  198  17:45  Probe  
  198  17:47  Dark Shrine  
  165  18:13  Stalker x5  
  165  18:14  Stalker x3  
  153  19:00  High Templar  
  153  19:01  High Templar x6  
  153  19:02  High Templar x3  
  170  19:10  Archon x2  
  170  19:11  Archon x2  
  139  19:34  Nexus  
  58  21:28  High Templar x2  
  58  21:29  High Templar x4  
  68  21:36  Archon x3  

Tags
 
Add a new tag
Caveats
  • Supply blocks, unpowered buildings, or Contaminate may cause inaccurate times.
  • Supply counts are checked every 10 seconds.